 Dungeon Crawl Stone Soup version 0.27.1-33-g824d729ab1 (webtiles) character file.

Game seed: 7067629098593791884

955 lonewolfV2 the Skirmisher (level 7, -4/59 HPs)
             Began as a Demonspawn Gladiator on Dec 14, 2021.
             Was a Follower of Makhleb.
             Slain by a gnoll (9 damage)
             ... on level 5 of the Dungeon.
             The game lasted 00:17:42 (6765 turns).

lonewolfV2 the Skirmisher (Demonspawn Gladiator)    Turns: 6765, Time: 00:17:43

Health: -4/59      AC:  4    Str: 18    XL:     7   Next: 91%
Magic:  8/8        EV: 15    Int: 10    God:    Makhleb [*.....]
Gold:   263        SH:  0    Dex: 16    Spells: 8/8 levels left

rFire    . . .     SeeInvis .   a - +0 war axe
rCold    . . .     Faith    .   (no shield)
rNeg     . . .     Spirit   .   b - +0 leather armour
rPois    +         Reflect  .   c - +0 helmet
rElec    .         Harm     .   (no cloak)
rCorr    .         Rampage  .   (no gloves)
Will     +....                  (no boots)
Stlth    +.........             (no amulet)
HPRegen  0.19/turn              g - ring of flight
MPRegen  0.11/turn              e - ring of Ughoqiq {+Blink rPois Will+ Str+4}

@: flying
A: claws 2, sturdy frame 1
a: Renounce Religion, Evoke Blink


You were on level 5 of the Dungeon.
You worshipped Makhleb.
Makhleb was aware of your devotion.
You visited 1 branch of the dungeon, and saw 5 of its levels.

You collected 263 gold pieces.

Inventory:

Hand Weapons
 a - a +0 war axe (weapon)
Missiles
 d - 2 throwing nets (quivered)
Armour
 b - a +0 leather armour (worn)
 c - a +0 helmet (worn)
Jewellery
 e - the ring of Ughoqiq (right claw) {+Blink rPois Will+ Str+4}
   (You acquired it on level 4 of the Dungeon)

   [ring of willpower]

   Str:       It affects your strength (+4).
   rPois:     It protects you from poison.
   +Blink:    It lets you blink.
   Will:      It increases your willpower.
 g - a ring of flight (left claw)
 i - a ring of magical power
Scrolls
 h - 2 scrolls of enchant armour
 n - a scroll of vulnerability
 o - 2 scrolls of identify
 p - a scroll of blinking {unknown}
Potions
 f - a potion of attraction
 k - a potion of haste


   Skills:
 + Level 6.4 Fighting
 - Level 2.9 Axes
 - Level 0.1(1.1) Slings
 - Level 1.8(1.9) Throwing
 - Level 0.1 Armour
 + Level 6.2 Dodging
 - Level 1.2 Spellcasting


You had 8 spell levels left.
You didn't know any spells.
Your spell library contained the following spells:

 Spells                   Type           Power      Damage    Failure   Level
 Summon Small Mammal      Summ           0%         N/A       34%         1
 Sublimation of Blood     Necr           0%         N/A       47%         2
 Wereblood                Tmut           0%         N/A       47%         2
 Call Canine Familiar     Summ           0%         N/A       71%         3
 Gell's Gravitas          Tloc           0%         N/A       71%         3
 Summon Guardian Golem    Hex/Summ       0%         N/A       71%         3
 Teleport Other           Tloc           0%         N/A       71%         3
 Dispersal                Tloc           0%         N/A       100%        6
 Summon Hydra             Summ           0%         N/A       100%        7


Dungeon Overview and Level Annotations

Branches:
Dungeon (5/15)             Temple (0/1) D:5

Altars:
Gozag
Makhleb
Yredelemnul
Zin


Innate Abilities, Weirdness & Mutations

You have very sharp fingernails.
Your movements are slightly less encumbered by armour. (ER -2)


Message History

You slash the gnoll!
The gnoll is severely wounded.
You completely miss the gnoll shaman. The gnoll shaman misses you.
The gnoll barely misses you. The gnoll hits you with a +0 club.
The gnoll shaman closely misses you.
You hit the gnoll.
The gnoll is almost dead.
You hit the gnoll shaman.
The gnoll shaman hits you but does no damage.
The gnoll hits you but does no damage.
You slash the gnoll!
You kill the gnoll!
Makhleb accepts your kill.
You closely miss the gnoll shaman.
The gnoll shaman mumbles some strange prayers to its god against you.
You resist with almost no effort. The gnoll hits you with a +0 whip.
The gnoll shaman misses you.
You hit the gnoll.
The gnoll is lightly wounded.
You barely miss the gnoll shaman. The gnoll hits you with a +0 whip.
The gnoll closely misses you. The gnoll shaman closely misses you.
You hit the gnoll but do no damage.
The gnoll is lightly wounded.
You hit the gnoll shaman.
You kill the gnoll shaman!
Makhleb accepts your kill. The gnoll completely misses you.
The gnoll hits you with a +0 whip.
* * * LOW HITPOINT WARNING * * *
You barely miss the gnoll.
The gnoll is lightly wounded.
The gnoll hits you with a +0 whip.
* * * LOW HITPOINT WARNING * * *
The gnoll hits you with a +0 whip.
* * * LOW HITPOINT WARNING * * *
You slash the gnoll!
The gnoll is severely wounded.
You hit the gnoll. The gnoll misses you. The gnoll hits you with a +0 flail.
* * * LOW HITPOINT WARNING * * *
The gnoll hits you with a +0 whip!
You die...

#......###..................
#...........................
#.......##..................
#.......###########.........
#.......# #.........
#.......# #### #........(
#.......#####≈≈≈ #.......⌠.
#..........g#≈♣.♣≈##........
#########.#@g)._..+.....⌠.>.
#.###≈♣.♣≈#......... #.# ≈≈≈
##......⌠. #.# ####
#.###.... ... ...#...... ...
#.###...... ... #. #......
##.## # #...... #......


You could see 2 gnolls.

Vanquished Creatures
  A sky beast (D:5)
  A wyvern zombie (D:5)
  3 scorpions (D:5)
  A water moccasin skeleton (D:4)
  A bullfrog zombie (D:5)
  An orc priest (D:4)
  A gnoll shaman (D:5)
  4 hounds (D:4)
  2 bullfrog skeletons
  2 orc wizards (D:4)
  An iguana (D:4)
  Robin (D:2)
  3 gnolls (D:5)
  A howler monkey skeleton (D:5)
  8 adders
  2 adder skeletons
  3 worms
  2 dart slugs
  2 orcs (D:4)
  8 bats
  5 endoplasms
  5 giant cockroaches
  16 goblins
  14 hobgoblins
  6 jackals
  5 kobolds
  2 quokkas
  5 ball pythons
  3 frilled lizards
  4 rats (D:1)
113 creatures vanquished.

Notes
Turn   | Place    | Note
-------+----------+-------------------------------------------
     0 | D:1      | lonewolfV2 the Demonspawn Gladiator began the quest for the
                  | Orb.
     0 | D:1      | Reached XP level 1. HP: 16/16 MP: 1/1
    43 | D:1      | Gained mutation: You have sharp fingernails. [demonic
                  | ancestry]
    43 | D:1      | Reached XP level 2. HP: 16/22 MP: 2/2
   339 | D:1      | Found a faded altar of an unknown god.
   790 | D:1      | Reached XP level 3. HP: 27/28 MP: 3/3
  1643 | D:2      | Reached skill level 1 in Spellcasting
  1671 | D:2      | Reached XP level 4. HP: 20/34 MP: 5/5
  2114 | D:2      | Noticed Robin
  2136 | D:2      | Killed Robin
  3277 | D:3      | Reached XP level 5. HP: 41/41 MP: 6/6
  4170 | D:3      | Found a burning altar of Makhleb.
  4171 | D:3      | Noticed an angel
  4172 | D:3      | Noticed a blizzard demon
  4209 | D:3      | Became a worshipper of Makhleb the Destroyer
  4437 | D:4      | Identified a scroll of acquirement
  4437 | D:4      | Acquired the ring of Ughoqiq {+Blink rPois Will+ Str+4}
  4599 | D:4      | Found a basalt altar of Yredelemnul.
  4780 | D:4      | Gained mutation: You have very sharp fingernails. [demonic
                  | ancestry]
  4780 | D:4      | Reached XP level 6. HP: 32/49 MP: 7/7
  5154 | D:4      | Reached skill level 5 in Fighting
  5154 | D:4      | Reached skill level 5 in Dodging
  5686 | D:5      | Entered Level 5 of the Dungeon
  5695 | D:5      | Gained mutation: Your movements are slightly less
                  | encumbered by armour. (ER -2) [demonic ancestry]
  5695 | D:5      | Reached XP level 7. HP: 42/56 MP: 8/8
  5830 | D:5      | Reached * piety under Makhleb
  6242 | D:5      | Found a staircase to the Ecumenical Temple.
  6735 | D:5      | Found an opulent altar of Gozag.
  6765 | D:5      | Slain by a gnoll

Illustrated notes

Levels and vault maps discovered:
D:1:      wander_arrival_chamber, layout_loops_ring,
          shapermc_ecumenical_altar_acropolis, grunt_decor_clamped,
          minmay_tiny_reverse_x
D:2:      layout_basic, uniq_robin
D:3:      layout_basic, grunt_temple_overflow_order_and_chaos_2, st_stairs_6,
          hex_tiny
D:4:      layout_loops_ring, mainiacjoe_overflow_surrounded_room
D:5:      layout_basic, kennysheep_little_box, temple_fountains

Skill      XL: |  1  2  3  4  5  6  7 |
---------------+----------------------+-----
Dodging        | 3 4 5 6 |  6.2
Spellcasting   | 1 |  1.2
Fighting       | 3 4 5 6 |  6.4
Axes           | |  2.9
Slings         | |  0.1
Throwing       | |  1.8
Armour         | |  0.1

Action                   |  1- 3 |  4- 6 |  7- 9 || total
-------------------------+-------+-------+-------++-------
Melee: War axe           |    98 |   190 |    81 ||   369
Throw: Throwing net      |       |     1 |     1 ||     2
 Abil: Evoke Blink       |       |     1 |       ||     1
  Use: Scroll            |     2 |    10 |     2 ||    14
       Potion            |       |     5 |     5 ||    10
Armor: Leather armour    |    42 |    76 |    12 ||   130
Dodge: Dodged            |    91 |   231 |    82 ||   404
